 Dungeon Crawl Stone Soup version 0.30-b1-2-g02819fbbbe (webtiles) character file.

Game seed: 13548367014145255528

1227 hadoken the Basher (level 8, -2/67 (72) HPs)
             Began as a Naga Monk on May 19, 2023.
             Was a Believer of Cheibriados.
             Slain by a wight
             ... wielding a +5 morningstar
              (3 damage)
             ... on level 6 of the Dungeon.
             The game lasted 00:07:50 (4771 turns).

hadoken the Basher (Naga Monk)                      Turns: 4771, Time: 00:07:51

HP:   -2/67 (72)    AC: 15    Str: 20    XL:     8   Next: 48%
MP:   20/23         EV: 10    Int: 18    God:    Cheibriados [**....]
Gold: 231           SH:  0    Dex: 19    Spells: 7/7 levels left

rFire   . . .        n - +6 mace of Mordant Purpose {protect, rN+ Int+3 Dex+2}
rCold   . . .        d - orb {light}
rNeg    + . .        g - +0 ring mail
rPois   +            f - +1 helmet
rElec   .            (no cloak)
rCorr   .            p - +0 pair of gloves
SInv    +            (no barding)
Will    +....        q
                       - Hermit's Pendant {Faith Invo=14 Evo=0 MP+5}
Stlth   +            (no ring)
HPRegen 0.31/turn    (no ring)
MPRegen 0.18/turn

%: faith
@: under a protective aura, on berserk cooldown, slowed, glowing, drained, very
slow
A: AC +2, large, see invisible, deformed body, poison resistance, slowness 2,
spit poison 1, naga tail 1
a: Spit Poison, Renounce Religion, Bend Time


You were on level 6 of the Dungeon.
You worshipped Cheibriados.
Cheibriados was pleased with you.
You visited 2 branches of the dungeon, and saw 7 of its levels.

You collected 231 gold pieces.

Inventory:

Hand Weapons
 a - a +0 mace
 n - the +6 mace of Mordant Purpose (weapon) {protect, rN+ Int+3 Dex+2}
   (You found it on level 2 of the Dungeon)

   Int:       It affects your intelligence (+3).
   Dex:       It affects your dexterity (+2).
   rN:        It protects you from negative energy.
Missiles
 E - 14 poisoned darts
Armour
 b - a +0 robe
 d - an orb of light (worn)
 f - a +1 helmet (worn)
 g - a +0 ring mail (worn)
 p - a +0 pair of gloves (worn)
Magical Staves
 j - a staff of earth
Jewellery
 i - a +4 ring of slaying
 q - the Hermit's Pendant (around neck) {Faith Invo=14 Evo=0 MP+5}
   (You found it on level 2 of the Dungeon)

   [amulet of faith]

   Invo=14: It sets your Invocations skill to 14.
   Evo=0: It sets your Evocations skill to 0.
   It allows you to gain divine favour quickly.
   MP:        It affects your magic capacity (+5).
 u - a ring of resist corrosion
Wands
 l - a wand of mindburst (3)
Scrolls
 h - a scroll of poison {unknown}
 k - 3 scrolls of teleportation
 m - a scroll of enchant armour
 o - a scroll of fog {unknown}
 r - a scroll of blinking
 s - a scroll of torment
 y - a scroll of noise {unknown}
 B - a scroll of fear {unknown}
Potions
 c - a potion of ambrosia
 e - a potion of magic
 t - 2 potions of brilliance
 v - 3 potions of attraction {unknown}
 w - 2 potions of curing
 x - a potion of flight
 A - a potion of might
 C - 2 potions of degeneration {unknown}
 D - a potion of heal wounds


   Skills:
 + Level 3.8 Fighting
 + Level 10.0 Maces & Flails
 - Level 2.6 Dodging


You had 7 spell levels left.
You didn't know any spells.
Your spell library contained the following spells:

 Spells                   Type           Power      Damage    Failure   Level
 Dazzling Flash           Conj/Hex       0%         N/A       75%         3
 Ozocubu's Armour         Ice            0%         N/A       75%         3
 Summon Guardian Golem    Hex/Summ       0%         N/A       75%         3
 Volatile Blastmotes      Fire/Tloc      0%         2d10      75%         3
 Iskenderun's Mystic Bla  Conj/Tloc      0%         2d3       98%         4
 Metabolic Englaciation   Hex/Ice        0%         N/A       100%        5
 Simulacrum               Ice/Necr       0%         N/A       100%        6
 Starburst                Conj/Fire      0%         6d3       100%        6
 Orb of Destruction       Conj           0%         9d5       100%        7
 Spellforged Servitor     Conj/Summ      0%         N/A       100%        7


Dungeon Overview and Level Annotations

Branches:
Dungeon (6/15)             Temple (1/1) D:5

Altars:
Cheibriados
Kikubaaqudgha
Okawaru
Qazlal
Ru
Sif Muna
Trog
Vehumet
Wu Jian
The Shining One


Innate Abilities, Weirdness & Mutations

Your serpentine skin is tough. (AC +2)
You have supernaturally acute eyesight. (SInv)
Armour fits poorly on your strangely shaped body.
Your system is resistant to poisons. (rPois)
You cover ground very slowly.
You can spit poison.
You have a snake-like lower body.


Message History

The wight hits you from afar with a +5 spear.
The orc closely misses you.
You completely miss the wight.
The wight is almost destroyed.
The wight closely misses you. The wight barely misses you.
The wight misses you. The orc closely misses you.
You hit the wight.
The wight is almost destroyed.
The wight hits you but does no damage. The wight hits you with a +0 scimitar!
The orc closely misses you.
The wight hits you with a +5 morningstar.
You sock the wight!
You destroy the wight!
Cheibriados appreciates the change of pace.
You are no longer berserk.
You are exhausted.
You feel yourself slow down. The wight closely misses you. x2
The orc hits you but does no damage.
Your life force feels restored.
You hit the wight but do no damage. The wight barely misses you.
The wight hits you from afar with a +5 spear!
You partially resist.
You feel drained. The orc misses you.
Okay, then.
You sock the wight!
The wight is heavily damaged.
The wight closely misses you.
The wight hits you from afar with a +5 spear!
* * * LOW HITPOINT WARNING * * *
You partially resist.
You feel drained.
* * * LOW HITPOINT WARNING * * *
The orc barely misses you. The flow of time bends around you.
Cheibriados rebukes the orc.
The orc seems to slow down.
Cheibriados rebukes the wight.
The wight seems to slow down.
The wight hits you but does no damage.
The wight hits you with a +5 morningstar!
* * * LOW HITPOINT WARNING * * *
You partially resist.
You feel drained.
You die...

#... #......# #.......
#.... #......# #.......
#.... #......#
#......###....##......#
......+>..............
#....#..............#
..##.............#######
.....zo)..###.........##
......z@..#####.......##
...$.##)..............##
... #...............## .
##...............##
+[.....###.......##
###......##########
..........# #.......
..##......# #....... ..
#.......# #<......


You could see 2 wights and an orc (slow).

Vanquished Creatures
  Prince Ribbit (D:5)
  Grinder (D:5)
  A black bear (D:5)
  An ogre (D:2)
  A centaur (D:5)
  A wight (D:6)
  2 hounds (D:4)
  3 orc priests
  4 orc wizards
  A sleepcap (D:5)
  2 iguanas (D:5)
  7 adders
  2 ufetubi (D:4)
  2 worms
  2 dart slugs
  21 orcs
  7 ball pythons
  10 endoplasms
  4 giant cockroaches
  6 goblins
  8 hobgoblins
  4 jackals (D:1)
  4 quokkas
  8 bats
  2 frilled lizards
  6 kobolds
  6 rats
117 creatures vanquished.

Notes
Turn   | Place    | Note
-------+----------+-------------------------------------------
     0 | D:1      | hadoken the Naga Monk began the quest for the Orb.
     0 | D:1      | Reached XP level 1. HP: 21/21 MP: 1/1
   266 | D:1      | Reached XP level 2. HP: 23/28 MP: 2/2
   513 | D:1      | Reached XP level 3. HP: 34/34 MP: 3/3
   617 | D:1      | Reached skill level 4 in Maces & Flails
  1138 | D:2      | Identified the +6 mace of Mordant Purpose {protect, rN+
                  | Int+3 Dex+2}
  1151 | D:2      | Noticed an ogre
  1164 | D:2      | Killed an ogre
  1165 | D:2      | Reached skill level 5 in Maces & Flails
  1165 | D:2      | Reached XP level 4. HP: 38/42 MP: 4/4
  1165 | D:2      | Reached XP level 5. HP: 44/49 MP: 5/5
  1227 | D:2      | Found a shimmering blue altar of Sif Muna.
  1477 | D:2      | Found the Hermit's Pendant {Faith Invo=14 Evo=0 MP+5}
  1978 | D:3      | Found a faded altar of an unknown god.
  2025 | D:3      | Found a radiant altar of Vehumet.
  2172 | D:3      | Reached skill level 6 in Maces & Flails
  2352 | D:3      | Reached XP level 6. HP: 56/56 MP: 16/16
  3122 | D:4      | Reached skill level 7 in Maces & Flails
  3377 | D:4      | Found a glowing golden altar of the Shining One.
  3414 | D:5      | Entered Level 5 of the Dungeon
  3421 | D:5      | Noticed Grinder
  3428 | D:5      | Killed Grinder
  3429 | D:5      | Reached skill level 8 in Maces & Flails
  3429 | D:5      | Reached XP level 7. HP: 57/62 MP: 17/17
  4095 | D:5      | Noticed Prince Ribbit
  4102 | D:5      | Killed Prince Ribbit
  4103 | D:5      | Reached skill level 9 in Maces & Flails
  4103 | D:5      | Reached XP level 8. HP: 47/69 MP: 18/18
  4551 | D:5      | Found a staircase to the Ecumenical Temple.
  4560 | Temple   | Entered the Ecumenical Temple
  4576 | Temple   | Became a worshipper of Cheibriados the Contemplative
  4576 | Temple   | Reached * piety under Cheibriados
  4576 | Temple   | Reached ** piety under Cheibriados
  4764 | D:6      | Reached skill level 10 in Maces & Flails
  4771 | D:6      | HP: 1/69 [wight/+5 morningstar (17)]
  4771 | D:6      | Slain by a wight

Illustrated notes

Levels and vault maps discovered:
D:1:      lemuel_arrival_hallway, layout_basic, nrook_campfire,
          chequers_serial_rivers_small_3, minmay_misc_feat_plants
D:2:      layout_basic, basic_altar
D:3:      layout_loops_cross, vehumet_crystals, basic_ecumenical_altar,
          minmay_snake_closets
D:4:      layout_cave_pools, mainiacjoe_overflow_small_starburst
D:5:      layout_gridville, lemuel_temple_firewalk_a, uniq_grinder,
          uniq_prince_ribbit1
D:6:      layout_basic, nicolae_sif_muna_condensation, serial_curves,
          eino_curves_01, eino_curves_01, gup_sewer_entry_glass
Temple:   eino_temple_water

Skill      XL: |  1  2  3  4  5  6  7  8 |
---------------+-------------------------+-----
Maces & Flails | 5 6 8 9 10 | 10.0
Fighting       | |  3.8
Dodging        | |  2.6

Action                     |  1- 3 |  4- 6 |  7- 9 || total
---------------------------+-------+-------+-------++-------
  Melee: Mace              |   110 |    97 |    66 ||   273
 Invoke: Bend Time         |       |       |     1 ||     1
Ability: Spit Poison       |     1 |     1 |     2 ||     4
  Evoke: Wand              |       |     5 |     3 ||     8
    Use: Potion            |     3 |       |     2 ||     5
         Scroll            |     1 |     6 |     3 ||    10
 Armour: Ring mail         |    31 |    59 |    47 ||   137
         Robe              |     3 |       |       ||     3
  Dodge: Dodged            |    68 |    53 |    38 ||   159
